 Dungeon Crawl Stone Soup version 0.23-a0-358-g98c7a59 (webtiles) character file.

12225 MisterFreud the Dancer (level 11, -1/76 HPs)
             Began as a Felid Artificer on Oct 22, 2018.
             Was a High Priest of Uskayaw.
             Slain by a spiny frog (11 damage)
             ... on level 3 of the Lair of Beasts.
             The game lasted 00:41:23 (16536 turns).

MisterFreud the Dancer (Felid Artificer)           Turns: 16536, Time: 00:41:24

Health: -1/76      AC: 25    Str: 10    XL:     11   Next: 59%
Magic:  0/21       EV:  4    Int: 14    God:    Uskayaw [*****.]
Gold:   229        SH:  0    Dex: 18    Spells: 10/10 levels left
                                        Lives:  0   Deaths: 3

rFire    . . .     SeeInvis +     - Unarmed
rCold    . . .     Gourm    .   (shield unavailable)
rNeg     + + +     Faith    .   (armour unavailable)
rPois    +         Spirit   +   (helmet unavailable)
rElec    .         Reflect  .   (cloak unavailable)
rCorr    .         Harm     .   (gloves unavailable)
MR       +....     NoTele   +   (boots unavailable)
Stlth    +++++.....             h - amulet of guardian spirit
HPRegen  0.22/turn              u - +3 ring of evasion
MPRegen  0.17/turn              a - ring of poison resistance

@: tree-form, very slightly contaminated
A: very small, no armour, no weapons or thrown items, stealth, see invisible,
carnivore, slow metabolism 1
a: Stomp, Line Pass, Grand Finale, Renounce Religion


You were on level 3 of the Lair of Beasts.
You worshipped Uskayaw.
Uskayaw was pleased with you.
You were very full.
You were a tree.
You visited 3 branches of the dungeon, and saw 15 of its levels.
You also visited: Ossuary and Bailey.

You collected 879 gold pieces.
You spent 650 gold pieces at shops.

Inventory:

Jewellery
 a - a ring of poison resistance (right branch)
 e - a +4 amulet of reflection
 f - an uncursed amulet of the acrobat
 h - an amulet of guardian spirit (around neck)
 o - an uncursed ring of protection from fire
 u - a +3 ring of evasion (left branch)
 v - an uncursed ring of protection from cold
 z - an uncursed ring of fire
 F - an uncursed ring of protection from cold
Wands
 b - a wand of enslavement (8)
 c - a wand of random effects (45)
 n - a wand of digging (7)
 s - a wand of iceblast (5)
 t - a wand of paralysis (13)
 C - a wand of acid (2)
 E - a wand of disintegration (6)
 G - a wand of flame (49)
 H - a wand of polymorph (13)
Scrolls
 g - 2 scrolls of fog
 i - 4 scrolls of fear
 k - 6 scrolls of teleportation
 p - 7 scrolls of remove curse
 x - 3 scrolls of blinking
 y - 2 scrolls of amnesia
 K - a scroll of magic mapping
Potions
 j - 3 potions of mutation
 l - 8 potions of curing
 m - 2 potions of agility
 q - 2 potions of resistance
 r - 3 potions of brilliance
 w - 2 potions of invisibility
 A - 2 potions of might
 B - 3 potions of ambrosia
 D - 4 potions of cancellation
 I - 2 potions of lignification
 J - a potion of flight {unknown}
 L - a potion of haste
Comestibles
 d - 34 rations


   Skills:
 - Level 8.0 Fighting
 - Level 10.1 Dodging
 - Level 10.0 Stealth
 - Level 12.0 Unarmed Combat
 + Level 12.2 Invocations
 - Level 6.1 Evocations


You had 10 spell levels left.
You didn't know any spells.
Your spell library contained the following spells:

 Spells                   Type           Power        Failure   Level  Hunger
 Magic Dart               Conj           #...         28%         1    ##.....
 Sting                    Conj/Pois      #...         28%         1    ##.....
 Summon Small Mammal      Summ           #...         28%         1    ##.....
 Call Imp                 Summ           #.......     41%         2    ###....
 Poisonous Vapours        Pois/Air       #.....       41%         2    ###....
 Searing Ray              Conj           #.....       41%         2    ###....
 Call Canine Familiar     Summ           #.......     65%         3    ####...
 Dazzling Spray           Conj/Hex       #.....       65%         3    ####...
 Mephitic Cloud           Conj/Pois/Air  #.......     65%         3    ####...
 Summon Guardian Golem    Hex/Summ       #.......     65%         3    ####...
 Force Lance              Conj/Tloc      #.......     96%         4    #####..
 Fulminant Prism          Conj/Hex       #.........   96%         4    #####..
 Iskenderun's Mystic Bla  Conj           #.......     96%         4    #####..
 Olgreb's Toxic Radiance  Pois           #.......     96%         4    #####..
 Summon Ice Beast         Ice/Summ       #.......     96%         4    #####..
 Summon Lightning Spire   Summ/Air       #.......     96%         4    #####..
 Venom Bolt               Conj/Pois      #.........   100%        5    ######.


Dungeon Overview and Level Annotations

Branches:
Dungeon (11/15)            Temple (1/1) D:6            Lair (3/6) D:11
  Swamp (0/4) Lair:2       Spider (0/4) Lair:3          Orc (0/2) D:9

Altars:
Cheibriados
Dithmenos
Elyvilon
Fedhas
Kikubaaqudgha
Makhleb
Nemelex Xobeh
Okawaru
Qazlal
Sif Muna
Trog
Uskayaw
Vehumet
Wu Jian
Xom
Yredelemnul
The Shining One

Shops:
D:5 !   D:7 }*

Annotations:
D:4 3 runed doors, MisterFreud's ghost, novice TrMo; feelmyfire's ghost, amateur OpTm
Lair:2 exclusion: oklob plant


Innate Abilities, Weirdness & Mutations

You cannot wear armour.
You are incapable of wielding weapons or throwing items.
Your paws allow you to move quietly. (Stealth)
((You have sharp claws.))
((You have razor-sharp teeth.))
You have supernaturally acute eyesight. (SInv)
You are carnivorous and can eat meat at any time.
((You cover ground quickly.))
((Your thick and shaggy fur keeps you warm. (AC +3, rC+)))
You have a slow metabolism.
((Your sharp claws are effective at attacking unaware monsters.))


Message History

You can now merge with and destroy a victim.
Evoke which item? (* to show all) (? for menu, Esc to quit)
Okay, then.
You turn into a tree.
Your roots penetrate the ground.
The five-headed hydra bites you but does no damage. x2
The five-headed hydra bites you.
* * * LOW HITPOINT WARNING * * *
The five-headed hydra bites you.
* * * LOW HITPOINT WARNING * * *
The five-headed hydra bites you.
* * * LOW HITPOINT WARNING * * *
You feel better.
The five-headed hydra barely misses you.
The five-headed hydra bites you but does no damage. x4
You pummel the five-headed hydra!!
You kill the five-headed hydra!
Training target 8.0 for Fighting reached!
Your Fighting skill increases to level 8!
The spiny frog stings you!
You die...

##...^^##....##
#..^^#^#|....#
...##.#.#.#..#...# ..8l .>.
#.#.#..^....### ..... ..
##..#..^#.##### ..... ##.
#.^##.>...#... ...h8.
##.######....####.....
...l..##....#.###^#...#...#..
......#....F♣....#^..#...#...
8..hl.†.....†....^.##........
...##...###P........##.......
##hh.....................
#.#...........#..##.....
...#.........≈..####.#..#
.....P..%.≈.<..≈≈≈.###.##.#
............≈≈≈?≈≈≈≈..#......
...........≈≈≈≈≈≈≈≈≈.##......


You could see a spiny frog.

Vanquished Creatures
  Harold (D:9)
  3 hydras
  3 two-headed ogres
  3 death yaks (D:11)
  A cyclops (D:11)
  2 ugly things (D:11)
  3 black mambas
  A centaur zombie (D:11)
  A spiny frog (Lair:2)
  A rime drake (Lair:1)
  4 komodo dragons
  A jumping spider (Lair:3)
  2 slime creatures (D:9)
  A hornet (D:11)
  Prince Ribbit (Lair:1)
  2 blink frogs (Lair:1)
  5 hippogriffs
  Sigmund (D:4)
  3 yaks (Lair:2)
  Eustachio (D:6)
  A steam dragon (D:11)
  Edmund (D:5)
  2 water moccasins (Lair:1)
  3 ice beasts
  3 porcupines
  A black bear (D:9)
  5 orc warriors
  3 sky beasts
  2 ogres
  A necrophage (D:8)
  4 phantoms
  6 wolves
  9 centaurs
  6 crocodiles
  Blork the orc (D:6)
  2 big kobolds (D:9)
  5 bullfrogs
  A water moccasin zombie (D:9)
  4 scorpions
  4 killer bees (D:8)
  A wight (D:9)
  An electric eel (D:11)
  4 crimson imps
  A bullfrog zombie (D:8)
  4 hounds
  3 centaur skeletons
  6 orc priests
  Crazy Yiuf (D:7)
  A bullfrog skeleton (D:11)
  10 orc wizards
  4 iguanas
  2 hell rats (D:11)
  7 worker ants
  Natasha (twice) (D:4)
  2 hound skeletons
  13 mummies (Ossuary)
  13 adders
  8 gnolls
  A howler monkey skeleton (D:8)
  A river rat (D:11)
  3 shadow imps
  An ooze (D:2)
  An adder zombie (D:5)
  An adder skeleton (D:8)
  3 dart slugs
  2 worms
  5 leopard geckos
  55 orcs
  2 ball pythons
  5 giant cockroaches
  18 goblins
  9 hobgoblins
  22 jackals
  24 kobolds
  6 quokkas
  7 bats
  A gnoll skeleton (Ossuary)
  2 goblin skeletons (Ossuary)
  A jackal skeleton (D:9)
  5 kobold skeletons (Ossuary)
  A quokka skeleton (D:7)
  12 rats
  11 rat skeletons (Ossuary)
386 creatures vanquished.

Vanquished Creatures (collateral kills)
  Natasha (D:4)
1 creature vanquished.

Vanquished Creatures (others)
  An orc wizard (D:6)
  A gnoll (D:3)
  An orc (D:3)
  A plant (Lair:2)
  2 withered plants (D:4)
6 creatures vanquished.

Grand Total: 393 creatures vanquished

Notes
Turn   | Place    | Note
-------+----------+-------------------------------------------
     0 | D:1      | MisterFreud the Felid Artificer began the quest for the
                  | Orb.
     0 | D:1      | Reached XP level 1. HP: 9/9 MP: 4/4
   184 | D:1      | Reached XP level 2. HP: 2/12 MP: 5/5
   725 | D:1      | Reached XP level 3. HP: 15/15 MP: 6/6
  1482 | D:2      | Reached skill level 5 in Stealth
  1861 | D:2      | Reached XP level 4. HP: 19/19 MP: 7/7
  1868 | D:2      | Found a faded altar of an unknown god.
  2190 | D:2      | Found a deep blue altar of Sif Muna.
  3047 | D:3      | Reached XP level 5. HP: 13/22 MP: 8/8
  3889 | D:3      | HP: 1/22 [orc wizard/magic dart (7)]
  4784 | D:4      | Noticed Natasha
  4794 | D:4      | Killed Natasha
  4981 | D:4      | Found a stormy altar of Qazlal.
  4983 | D:4      | Noticed an air elemental
  4984 | D:4      | Noticed a water elemental
  4984 | D:4      | Noticed a fire elemental
  5052 | D:4      | Noticed Natasha
  5074 | D:4      | Killed Natasha
  5074 | D:4      | Gained mutation: You are covered in thick fur. (AC +2)
                  | [Felid growth]
  5074 | D:4      | Reached XP level 6. HP: 16/25 MP: 4/9
  5252 | D:4      | Reached skill level 5 in Unarmed Combat
  5316 | D:4      | Noticed Natasha
  5324 | D:4      | Killed Natasha
  5473 | D:4      | Noticed Sigmund
  5480 | D:4      | Killed Sigmund
  5480 | D:4      | Reached XP level 7. HP: 28/28 MP: 10/10
  5883 | D:4      | Found a runed gate.
  5884 | D:4      | Found a runed gate.
  5885 | D:4      | Found a runed gate.
  5886 | D:4      | Noticed MisterFreud's ghost (novice TrMo)
  5887 | D:4      | Noticed feelmyfire's ghost (amateur OpTm)
  5942 | D:5      | Entered Level 5 of the Dungeon
  6048 | D:5      | Found a sparkling altar of Nemelex Xobeh.
  6211 | D:5      | Noticed Blork the orc
  6610 | D:5      | Reached XP level 8. HP: 32/32 MP: 11/11
  6612 | D:5      | Found Reih's Distillery.
  6807 | D:5      | Noticed Edmund
  6822 | D:5      | Killed Edmund
  6822 | D:5      | Reached skill level 5 in Dodging
  7106 | D:6      | Found a sand-covered staircase.
  7106 | D:6      | Noticed Eustachio
  7131 | D:6      | Killed Eustachio
  7145 | Ossuary  | Entered an ossuary
  7665 | D:6      | Found a staircase to the Ecumenical Temple.
  7681 | Temple   | Entered the Ecumenical Temple
  7713 | Temple   | Became a worshipper of Uskayaw the Reveler
  7754 | D:6      | Reached * piety under Uskayaw
  7757 | D:6      | Reached skill level 1 in Invocations
  7761 | D:6      | Reached ** piety under Uskayaw
  8635 | D:6      | Killed Blork the orc
  8635 | D:6      | Reached skill level 5 in Evocations
  8668 | D:6      | Reached XP level 9. HP: 11/35 MP: 2/13
  8905 | D:6      | Found a blossoming altar of Fedhas.
  8906 | D:6      | Found a radiant altar of Vehumet.
  9428 | D:7      | Reached *** piety under Uskayaw
  9490 | D:7      | Reached **** piety under Uskayaw
  9774 | D:7      | Found Atopan's General Store.
  9800 | D:7      | Reached skill level 5 in Invocations
  9817 | D:7      | Found Wakizephi's Gadget Boutique.
 10053 | D:7      | Found a runed door.
 10057 | D:7      | Noticed Crazy Yiuf
 10069 | D:7      | Killed Crazy Yiuf
 10341 | D:8      | Noticed a two-headed ogre
 10386 | D:8      | Killed a two-headed ogre
 10665 | D:8      | Noticed a two-headed ogre
 10672 | D:8      | Killed a two-headed ogre
 10672 | D:8      | Reached skill level 10 in Unarmed Combat
 10672 | D:8      | Reached XP level 10. HP: 39/39 MP: 15/15
 10698 | D:8      | Found an iron altar of Okawaru.
 10844 | D:8      | Found a shadowy altar of Dithmenos.
 11054 | D:9      | Found a staircase to the Orcish Mines.
 11507 | D:9      | Noticed Harold
 11514 | D:9      | Killed Harold
 11550 | D:9      | Found Sutine's Weapon Boutique.
 11950 | D:9      | Reached ***** piety under Uskayaw
 12093 | D:9      | Reached skill level 10 in Stealth
 12258 | D:10     | Entered Level 10 of the Dungeon
 12470 | D:10     | Noticed a two-headed ogre
 12480 | D:10     | Killed a two-headed ogre
 12546 | D:10     | Found a flagged portal.
 12563 | Bailey   | Entered a bailey
 12579 | Bailey   | Noticed an orc warlord
 13087 | D:11     | Reached XP level 11. HP: 41/41 MP: 16/16
 13134 | D:11     | Noticed a red ugly thing
 13142 | D:11     | Killed a red ugly thing
 13436 | D:11     | Noticed a red ugly thing
 13464 | D:11     | Slain by a red ugly thing
 13465 | D:11     | Reached XP level 10. HP: -4/39 MP: 0/15
 13661 | D:11     | Demolished by a cyan ugly thing
 13662 | D:11     | Reached XP level 9. HP: -14/35 MP: 0/14
 13734 | D:11     | Killed a cyan ugly thing
 13734 | D:11     | Reached skill level 10 in Dodging
 13894 | D:11     | Noticed a death yak
 13894 | D:11     | Noticed a cyclops
 13895 | D:11     | Found a staircase to the Lair.
 13895 | D:11     | Noticed a death yak
 13895 | D:11     | Noticed a seven-headed hydra
 13961 | D:11     | Noticed a death yak
 13968 | D:11     | Killed a death yak
 13971 | D:11     | Killed a death yak
 13971 | D:11     | Reached XP level 10. HP: 36/39 MP: 9/16
 13973 | D:11     | Killed a death yak
 13976 | D:11     | Killed a cyclops
 13977 | D:11     | Killed a seven-headed hydra
 13978 | D:11     | Reached ****** piety under Uskayaw
 14333 | D:5      | Bought a potion of experience for 650 gold pieces
 14333 | D:5      | Reached skill level 5 in Fighting
 14333 | D:5      | Reached XP level 11. HP: 48/48 MP: 18/20
 14483 | Lair:1   | Entered Level 1 of the Lair of Beasts
 14690 | Lair:1   | Noticed Prince Ribbit
 14698 | Lair:1   | Killed Prince Ribbit
 15034 | Lair:1   | Gained mutation: Your thick and shaggy fur keeps you warm.
                  | (AC +3, rC+) [Felid growth]
 15034 | Lair:1   | Reached XP level 12. HP: 52/52 MP: 21/21
 15395 | Lair:1   | Found a dark tunnel.
 15570 | Lair:2   | Found a staircase to the Swamp.
 15669 | Lair:2   | Slain by a komodo dragon
 15670 | Lair:2   | Reached XP level 11. HP: 0/50 MP: 0/20
 15889 | Lair:2   | Noticed an oklob plant
 16463 | Lair:3   | Found a hole to the Spider Nest.
 16502 | Lair:3   | Noticed a five-headed hydra
 16508 | Lair:3   | Noticed a five-headed hydra
 16529 | Lair:3   | Killed a five-headed hydra
 16534 | Lair:3   | HP: 2/76 [five-headed hydra (2)]
 16536 | Lair:3   | Killed a five-headed hydra
 16536 | Lair:3   | Slain by a spiny frog

Vault maps used:
D:1:      minmay_arrival_diagonal_passages, minmay_misc_feat_chi,
          serial_bayou_crossing
D:2:      overflow_temple_1_default, first_ration,
          chequers_ecumenical_altar_island
D:4:      nicolae_qazlal_style_of_elements, gammafunk_ghost_cemetery,
          patterned_corridor, uniq_natasha, uniq_sigmund
D:5:      corexii_shack_village, nemelex_xobeh_ov_fountains_minmay,
          serial_shops, nicolae_shop_temple_entry_statues_fountains,
          minivault_24, uniq_blork_the_orc, uniq_edmund
D:6:      gammafunk_temple_overflow_statue, minmay_temple_entry_grid,
          nicolae_ossuary_entry_plus, minmay_misc_feat_iff, uniq_eustachio
D:7:      serial_shops, shop, nicolae_shop_temple_entry_statues_fountains,
          uniq_crazy_yiuf_cottage
D:8:      okawaru_altar_gauntlet_db, basic_altar
D:9:      orc_david_3, serial_shops, kennysheep_little_box, blue_anna_alchemist,
          hangedman_minor_gate_pass, uniq_harold
D:10:     enter_bailey_7, kennysheep_generic_room_14
D:11:     dpeg_lair_monsters
Temple:   nicolae_temple_elliptical
Lair:1:   enter_volcano_4, uniq_prince_ribbit2
Lair:2:   swamp_mist, grunt_megastairs_5, minmay_lair_oklob_chamber
Lair:3:   spider_nest_entry_rubble, eino_house_with_fridge,
          infiniplex_staircase_pool, grunt_megastairs_3, lemuel_fruit_tree,
          uniq_urug
Ossuary:  ossuary_due_small_catacomb
Bailey:   bailey_axe_bossmonster_kennysheep, bailey

Skill      XL: |  1  2  3  4  5  6  7  8  9 10 11 12 |
---------------+-------------------------------------+-----
Stealth        | 3 4 5 6 7 8 10 | 10.0
Unarmed Combat | 2 4 6 7 8 12 11 | 12.0
Dodging        | 4 6 10 8 9 | 10.1
Invocations    | 3 7 11 12 | 12.2
Evocations     | 5 6 |  6.1
Fighting       | 5 8 7 |  8.0

Action                   |  1- 3 |  4- 6 |  7- 9 | 10-12 || total
-------------------------+-------+-------+-------+-------++-------
Melee: Unarmed           |   108 |   209 |   499 |   410 ||  1226
       Bite              |     8 |    20 |    43 |    28 ||    99
       Punch             |       |     3 |     6 |    21 ||    30
Invok: Line Pass         |       |       |     1 |       ||     1
Evoke: Wand              |     3 |    13 |    18 |    25 ||    59
  Use: Scroll            |     4 |     4 |    15 |     5 ||    28
       Potion            |       |     1 |     5 |     6 ||    12
 Stab: Sleeping          |    16 |    11 |    39 |    29 ||    95
       Paralysed         |       |       |     9 |    25 ||    34
       Distracted        |       |       |       |     4 ||     4
  Eat: Chunk             |     9 |     7 |    11 |    23 ||    50
Armor: Skin              |     4 |    14 |    30 |    14 ||    62
Dodge: Dodged            |    82 |   167 |   317 |   422 ||   988

Table legend:
 A = Non-vault XP
 B = Vault XP
 C = Vault XP percentage of total XP
 D = Non-vault monster count
 E = Vault monster count
 F = Vault count percentage of total count
                 A         B        C        D         E       F
            +---------+---------+-------+---------+---------+-------
      Total |   21499 |    8038 |  27.2 |     292 |      96 |  24.7
            +---------+---------+-------+---------+---------+-------
        D:1 |      62 |       0 |   0.0 |      26 |       0 |   0.0
        D:2 |      90 |       0 |   0.0 |      24 |       0 |   0.0
        D:3 |     133 |       0 |   0.0 |      26 |       0 |   0.0
        D:4 |     399 |     249 |  38.4 |      22 |       2 |   8.3
        D:5 |     569 |     182 |  24.2 |      18 |      12 |  40.0
        D:6 |     677 |     279 |  29.2 |      27 |       2 |   6.9
        D:7 |    1068 |      40 |   3.6 |      23 |       1 |   4.2
        D:8 |    2848 |      30 |   1.0 |      21 |       7 |  25.0
        D:9 |     863 |    2009 |  70.0 |      29 |      12 |  29.3
       D:10 |     930 |     111 |  10.7 |       3 |       5 |  62.5
       D:11 |    5778 |    2686 |  31.7 |      40 |       8 |  16.7
     Lair:1 |    3190 |     793 |  19.9 |      17 |       3 |  15.0
     Lair:2 |    3426 |       0 |   0.0 |      13 |       0 |   0.0
     Lair:3 |    1466 |    1257 |  46.2 |       3 |       2 |  40.0
    Ossuary |       0 |     252 | 100.0 |       0 |      32 | 100.0
     Bailey |       0 |     150 | 100.0 |       0 |      10 | 100.0
            +---------+---------+-------+---------+---------+-------
